 Dungeon Crawl Stone Soup version 0.30.0-19-gbf45117a57 (webtiles) character file.

Game seed: 15524939132236386484

235 qw the Chopper (level 6, 0/37 HPs)
             Began as a Gargoyle Fighter on May 23, 2023.
             Slain by an ogre
             ... wielding a +0 giant spiked club
              (17 damage)
             ... on level 4 of the Dungeon.
             The game lasted 00:01:20 (2777 turns).

qw the Chopper (Gargoyle Fighter)                   Turns: 2777, Time: 00:01:21

Health: 0/37       AC: 17    Str: 22    XL:     6   Next: 5%
Magic:  6/6        EV:  8    Int:  8    God:
Gold:   93         SH:  4    Dex:  9    Spells: 5/5 levels left

rFire   . . .        Y - +1 war axe
rCold   . . .        c - +0 buckler
rNeg    + . .        e - +0 chain mail
rPois   inf          (no helmet)
rElec   +            (no cloak)
rCorr   .            g - +1 pair of gloves
SInv    .            i - +1 pair of boots
Will    .....        (no amulet) Stlth
                     (no ring)
HPRegen 0.26/turn    (no ring)
MPRegen 0.10/turn

%: no passive effects
@: no status effects
A: sickness immunity, AC +4, negative energy resistance 1, electricity
resistance, torment resistance 1, petrification resistance
a: no special abilities


You were on level 4 of the Dungeon.
You visited 1 branch of the dungeon, and saw 4 of its levels.

You collected 155 gold pieces.
You spent 62 gold pieces at shops.


Innate Abilities, Weirdness & Mutations

You are immune to sickness and miasma.
Your stone body is resilient. (AC +4)
You are immune to poison.
You resist negative energy. (rN+)
You are resistant to electric shocks. (rElec)
You are resistant to unholy torment.
You are immune to petrification.


   Skills:
 + Level 3.2 Fighting
 - Level 5.5 Axes
 - Level 0.2 Throwing
 - Level 3.2 Armour
 - Level 3.2 Shields


You had 5 spell levels left.
You didn't know any spells.
Your spell library was empty.

Inventory:

Hand Weapons
 l - a +0 flail of protection
 Y - a +1 war axe (weapon)
Armour
 c - a +0 buckler (worn)
 e - a +0 chain mail (worn)
 g - a +1 pair of gloves (worn)
 i - a +1 pair of boots (worn)
Potions
 a - a potion of mutation {unknown}
 d - a potion of might
 f - 2 potions of curing
 h - a potion of lignification
 k - a potion of resistance
 m - a potion of attraction

Dungeon Overview and Level Annotations

Branches:
Dungeon (4/15)
 Temple: D:4-7

Altars:
Okawaru

Shops:
D:2 (


Message History

Your transformation is almost over.
HP restored.
You feel less wooden.
Your +1 pair of gloves unmelds from your body.
Your +1 pair of boots unmelds from your body.
Your +0 chain mail unmelds from your body.
Found a hand axe and a scroll of teleportation.
An ogre comes into view. It is wielding a +0 giant spiked club.
Found a spear.
The ogre shouts!
You throw a javelin. The javelin pierces through the ogre.
The ogre is lightly wounded.
You closely miss the ogre.
The ogre is lightly wounded.
The ogre hits you but does no damage.
You hit the ogre.
The ogre is moderately wounded.
The ogre closely misses you.
You hit the ogre.
The ogre is moderately wounded.
The ogre barely misses you.
You barely miss the ogre.
The ogre is moderately wounded.
The ogre barely misses you.
You hit the ogre.
The ogre is heavily wounded.
The ogre barely misses you.
You hit the ogre.
The ogre is heavily wounded.
You hit the ogre.
The ogre is heavily wounded.
The ogre hits you with a +0 giant spiked club!!
Ouch! That really hurt!
You barely miss the ogre.
The ogre is heavily wounded.
The ogre completely misses you.
You barely miss the ogre.
The ogre is heavily wounded.
The ogre hits you with a +0 giant spiked club!
You die...

#.. .(. ..## .... ..###...# .....
.....?.. ..... #.).).# ...
...##.._..##. ......
##..#.).).#.. ........
##....O....... .#......
.#....@###.... .......
....##...#..... ......# ##
#.###[......... .. .#
...##.###..##.......##.###. .#
#...>......#......... ..#..###
.###.##....#..##.......###.##.##.
##.......# #............##<...##.
.#..#.#.## #................##...
...##.######...................##


You could see an ogre.

Vanquished Creatures
  An ogre (D:4)
  An iguana (D:4)
  6 adders
  3 dart slugs
  6 orcs
  7 endoplasms
  5 goblins
  7 hobgoblins
  4 jackals (D:1)
  4 quokkas
  4 ball pythons
  5 bats
  2 frilled lizards (D:1)
  A kobold (D:3)
  A rat (D:3)
57 creatures vanquished.

Notes
Turn   | Place    | Note
-------+----------+-------------------------------------------
     0 | D:1      | qw the Gargoyle Fighter began the quest for the Orb.
     0 | D:1      | Reached XP level 1. HP: 14/14 MP: 1/1
     0 | D:1      | 0 ||| qw: Version: 0.2-a-98-g5d7165a
     0 | D:1      | 0 ||| qw: Game counter: 42
     0 | D:1      | 0 ||| qw: Always use a shield: true
     0 | D:1      | 0 ||| qw: God list: Okawaru
     0 | D:1      | 0 ||| qw: Allow faded altars: false
     0 | D:1      | 0 ||| qw: Do Orc after D:15 true
     0 | D:1      | 0 ||| qw: Do second Lair branch before Depths: true
     0 | D:1      | 0 ||| qw: Lair rune preference: random
     0 | D:1      | 0 ||| qw: Plans: Normal, Zot:1-4, God:TSO, Crypt, Tomb,
                  | Pan, Slime:5, Hells, Abyss, Win
     0 | D:1      | 0 ||| PLANNING D:1-11
    65 | D:1      | Found a faded altar of an unknown god.
    91 | D:1      | Reached skill level 2 in Axes
   380 | D:1      | Reached XP level 2. HP: 19/19 MP: 2/2
   638 | D:1      | Reached skill level 3 in Axes
   746 | D:1      | 746 ||| READING scroll labelled YLEDAASTRUE.
   747 | D:1      | 747 ||| READING scroll labelled EPACEMOCREI.
   748 | D:1      | 748 ||| READING 2 scrolls labelled MAAPHAS WYNWO.
   749 | D:1      | 749 ||| READING scroll labelled BEOTUGU BIED.
   750 | D:1      | 750 ||| READING scroll labelled VAIWAIPHIUCH.
   754 | D:1      | 754 ||| DRINKING 2 lumpy pink potions.
   755 | D:1      | 755 ||| DRINKING 2 sapphire potions.
   756 | D:1      | 756 ||| DROPPING scroll of blinking.
   757 | D:1      | 757 ||| DROPPING potion of flight.
   797 | D:2      | 797 ||| STAIRDANCE
   803 | D:1      | Reached XP level 3. HP: 20/23 MP: 3/3
  1007 | D:2      | 1007 ||| Stepping ~*~*~tactically~*~*~ (stealth).
  1040 | D:2      | Found Plog's Weapon Shop.
  1046 | D:2      | 1046 ||| BUYING +0 flail of protection (62 gold).
  1046 | D:2      | Bought a +0 flail of protection for 62 gold pieces
  1046 | D:2      | 1046 ||| DROPPING +0 whip.
  1062 | D:2      | 1062 ||| Stepping ~*~*~tactically~*~*~ (hiding).
  1064 | D:2      | 1064 ||| Stepping ~*~*~tactically~*~*~ (hiding).
  1066 | D:2      | 1066 ||| Stepping ~*~*~tactically~*~*~ (hiding).
  1067 | D:2      | 1067 ||| Stepping ~*~*~tactically~*~*~ (hiding).
  1068 | D:2      | 1068 ||| Stepping ~*~*~tactically~*~*~ (hiding).
  1070 | D:2      | 1070 ||| Stepping ~*~*~tactically~*~*~ (hiding).
  1382 | D:2      | 1382 ||| UPGRADING to +0 pair of boots.
  1387 | D:2      | 1387 ||| DROPPING amulet of faith.
  1388 | D:2      | 1388 ||| READING scroll labelled NEUFFU VUIMM.
  1402 | D:2      | 1402 ||| READING scroll labelled PYOSUA OFAQI.
  1403 | D:2      | 1403 ||| READING scroll labelled GUR BUMUICAA.
  1520 | D:3      | 1520 ||| READING scroll of enchant armour.
  1520 | D:3      | 1520 ||| ENCHANTING +0 pair of boots.
  1707 | D:3      | Reached XP level 4. HP: 28/28 MP: 4/4
  1750 | D:3      | Reached skill level 4 in Axes
  1788 | D:3      | 1788 ||| Stepping ~*~*~tactically~*~*~ (stealth).
  2304 | D:3      | 2304 ||| UPGRADING to +1 pair of gloves.
  2309 | D:3      | 2309 ||| DRINKING 2 pink potions.
  2310 | D:3      | 2310 ||| DRINKING 2 yellow potions.
  2311 | D:3      | 2311 ||| DROPPING potion of brilliance.
  2403 | D:4      | 2403 ||| Stepping ~*~*~tactically~*~*~ (stealth).
  2410 | D:4      | Reached XP level 5. HP: 27/32 MP: 5/5
  2445 | D:4      | 2445 ||| Stepping ~*~*~tactically~*~*~ (stealth).
  2515 | D:4      | 2515 ||| Stepping ~*~*~tactically~*~*~ (stealth).
  2518 | D:4      | 2518 ||| Stepping ~*~*~tactically~*~*~ (stealth).
  2521 | D:4      | 2521 ||| Stepping ~*~*~tactically~*~*~ (stealth).
  2523 | D:4      | 2523 ||| Stepping ~*~*~tactically~*~*~ (stealth).
  2525 | D:4      | 2525 ||| Stepping ~*~*~tactically~*~*~ (stealth).
  2532 | D:4      | Noticed an ogre
  2540 | D:4      | HP: 2/32 [ogre/+0 giant club (8)]
  2543 | D:4      | Killed an ogre
  2544 | D:4      | Reached skill level 5 in Axes
  2544 | D:4      | Reached XP level 6. HP: 2/37 MP: 6/6
  2714 | D:4      | Found an iron altar of Okawaru.
  2715 | D:4      | 2715 ||| PLANNING OKAWARU WORSHIP
  2715 | D:4      | 2715 ||| UPGRADING to +0 chain mail.
  2725 | D:4      | 2725 ||| DROPPING +0 scale mail.
  2726 | D:4      | 2726 ||| READING scroll labelled UFOCEIXZIA.
  2727 | D:4      | 2727 ||| DRINKING 2 fizzy orange potions.
  2777 | D:4      | Slain by an ogre

Levels and vault maps discovered:
D:1:      dpeg_arrival_orchard, layout_loops_ring,
          ebering_ecumenical_altar_ruins, chequers_serial_rivers_micro_d
D:2:      layout_basic, serial_shops, nicolae_shop_bloodbath_and_beyond
D:3:      layout_loops_corners, hex_medium
D:4:      layout_cave_pools, okawaru_ov_weapons_minmay

Skill      XL: |  1  2  3  4  5 |
---------------+----------------+-----
Axes           | 2 3 4 5 |  5.5
Fighting       | |  3.2
Throwing       | |  0.2
Armour         | |  3.2
Shields        | |  3.2

Action                     |  1- 3 |  4- 6 || total
---------------------------+-------+-------++-------
  Melee: War axe           |   104 |    80 ||   184
  Throw: Javelin           |       |    10 ||    10
    Use: Scroll            |     9 |     1 ||    10
         Potion            |     2 |     3 ||     5
 Armour: Scale mail        |    59 |    41 ||   100
         Chain mail        |       |     1 ||     1
  Dodge: Dodged            |    45 |    33 ||    78
  Block: Buckler           |    17 |     8 ||    25

Table legend:
 A = Non-vault XP
 B = Vault XP
 C = Vault XP percentage of total XP
 D = Non-vault monster count
 E = Vault monster count
 F = Vault count percentage of total count
                 A         B        C        D         E       F
            +---------+---------+-------+---------+---------+-------
      Total |     336 |       0 |   0.0 |      57 |       0 |   0.0
            +---------+---------+-------+---------+---------+-------
        D:1 |      44 |       0 |   0.0 |      19 |       0 |   0.0
        D:2 |      19 |       0 |   0.0 |       8 |       0 |   0.0
        D:3 |      79 |       0 |   0.0 |      18 |       0 |   0.0
        D:4 |     194 |       0 |   0.0 |      12 |       0 |   0.0
            +---------+---------+-------+---------+---------+-------
